 Dungeon Sprint DCSS version 0.29-a0-275-g389c0b56f3 (webtiles) character file.

Game seed: 4670757885953379845

7 sammy202020 the Skirmisher (level 1, -12/20 HPs)
             Began as a Palentonga Fighter on Mar 10, 2022.
             Mangled by an ogre
             ... wielding a +0 giant spiked club
              (27 damage)
             ... in the Dungeon (Sprint IX: "|||||||||||||||||||||||||||||").
             The game lasted 00:00:02 (27 turns).

sammy202020 the Skirmisher (Palentonga Fighter)       Turns: 27, Time: 00:00:03

Health: -12/20     AC:  6    Str: 19    XL:     1   Next: 91%
Magic:  1/1        EV:  7    Int:  8    God:
Gold:   0          SH:  4    Dex:  9    Spells: 0/0 levels left

rFire   . . .      SeeInvis +   a - +0 flail
rCold   . . .      Faith    .   c - +0 buckler
rNeg    . . .      Spirit   .   b - +0 scale mail
rPois   .          Reflect  .   (no helmet)
rElec   .          Harm     .   (no cloak)
rCorr   .          Rampage  .   (no gloves)
Will    .....      NoTele   +   (no barding)
Stlth   ..........              (no amulet)
HPRegen 0.06/turn               (no ring)
MPRegen 0.07/turn               (no ring)

@: no status effects
A: large, rugged brown scales 3, see invisible, deformed body, roll 1, armoured
tail
a: Rolling Charge


You were in the Dungeon.
You visited 1 branch

Inventory:

Hand Weapons
 a - a +0 flail (weapon)
Armour
 b - a +0 scale mail (worn)
 c - a +0 buckler (worn)
Scrolls
 j - a scroll of blinking
Potions
 d - a potion of might
 e - a potion of curing
 f - a potion of heal wounds
 g - a potion of haste
 h - 2 potions of magic
 i - a potion of berserk rage


   Skills:
 + Level 3.6 Fighting
 + Level 2.3 Maces & Flails
 + Level 3.0 Armour
 + Level 3.0 Shields


You couldn't memorise any spells.
You didn't know any spells.
Your spell library was empty.

Dungeon Overview and Level Annotations

Branches:
Dungeon (1/1)

Altars:


Innate Abilities, Weirdness & Mutations

You are completely covered in rugged brown scales. (AC +3, +7% HP)
You have supernaturally acute eyesight. (SInv)
Armour fits poorly on your strangely shaped body.
You can roll at nearby foes to attack.
You have a long armoured tail.


Message History

The dart slug launches a dart at you.
The slug dart hits you but does no damage.
You hit the dart slug.
You kill the dart slug!
You barely miss the rat. You block the rat's attack. The rat bites you.
You closely miss the rat. You block the rat's attack.
You barely miss the rat. The rat closely misses you.
You barely miss the rat. You tail-slap the rat.
The rat is moderately wounded.
The rat bites you. The rat barely misses you.
You barely miss the rat.
The rat is moderately wounded.
The rat closely misses you.
You closely miss the rat.
The rat is moderately wounded.
The rat bites you but does no damage.
You closely miss the rat.
The rat is moderately wounded.
The rat bites you but does no damage. The rat bites you.
You barely miss the rat.
The rat is moderately wounded.
The rat bites you.
You hit the rat.
You kill the rat!
You block the bat's attack. The bat hits you but does no damage.
You sock the bat!
You kill the bat!
The endoplasm closely misses you.
You sock the endoplasm!
You kill the endoplasm!
Your Armour skill increases to level 3!
Your Shields skill increases to level 3!
You see here a bat corpse.
You open the door.
A centaur, 2 hounds, a dart slug and an ogre come into view.
The hound barks!
The centaur shouts!
The ogre shouts!
You barely miss the ogre.
The ogre hits you with a +0 giant spiked club!!
Ouch! That really hurt!
You die... ▓▓▓▓▓▓▓▓▓▓▓▓▓▓▓▓▓▓ +h.chwO@...††...<▓ ▓▓▓▓▓▓▓▓▓▓▓▓▓▓▓▓▓▓

You could see an ogre, a centaur, 2 hounds and a dart slug.

Vanquished Creatures
  A dart slug (D)
  A bat (D)
  An endoplasm (D)
  A hobgoblin (D)
  A rat (D)
5 creatures vanquished.

Notes
Turn   | Place    | Note
-------+----------+-------------------------------------------
     0 | D        | sammy202020 the Palentonga Fighter began the quest for the
                  | Orb.
     0 | D        | Reached XP level 1. HP: 19/19 MP: 1/1
    26 | D        | Noticed a hound
    26 | D        | Noticed a centaur
    26 | D        | Noticed a hound
    26 | D        | Noticed an ogre
    27 | D        | Mangled by an ogre

Illustrated notes

Levels and vault maps discovered:
D:        linesprint [early_d, line_temple, items_1, d_10, items_2, lair_1,
          lair_end, items_3, orc_1, orc_end, items_4, d_15, swamp_1, shoals_1,
          snake_1, spider_1, d_20, vaults_1, items_5, swamp_end, shoals_end,
          snake_end, spider_end, vaults_end, d_27, items_6, zot_1, zot_end,
          crypt_end, forest_end, elf_end, slime_end, tomb_end, abyss_end,
          pan_hell_end]

Skill      XL: |  1 |
---------------+----+-----
Armour         | 3 |  3.0
Shields        | 3 |  3.0
Fighting       | |  3.6
Maces & Flails | |  2.3

Action                   || total
-------------------------++-------
Melee: Flail             ||    17
       Tailslap          ||     1
Armor: Scale mail        ||     6
Dodge: Dodged            ||     5
Block: Buckler           ||     3

Table legend: (Time is in decaauts)
 A = Elapsed time spent in this place.
 B = Non-inter-level travel time spent in this place.
 C = Inter-level travel time spent in this place.
 D = Time resting spent in this place.
 E = Time spent auto-exploring this place.
 F = Levels seen in this place.
 G = Mean time per level.
                   A        B        C        D        E       F      G
               +--------+--------+--------+--------+--------+-----+--------+
         Total |     32 |     32 |      0 |      0 |      0 |   1 |   32.0 |
       Dungeon |     32 |     32 |      0 |      0 |      0 |   1 |   32.0 |
               +--------+--------+--------+--------+--------+-----+--------+

Top non-repeatable levels by time:
       D: 32 daAuts
